 Dungeon Crawl Stone Soup version 0.24.1-4-ge52af88ad5 (webtiles) character file.

Game seed: 6526900763056955580, levelgen mode: deterministic

405 lepoulpe303 the Changer (level 6, 0/50 HPs)
             Began as a Draconian Transmuter on Apr 14, 2020.
             Shot with an arrow by a centaur (1 damage)
             ... on level 5 of the Dungeon.
             The game lasted 00:17:29 (3892 turns).

lepoulpe303 the Changer (Draconian Transmuter)      Turns: 3892, Time: 00:17:29

Health: 0/50       AC:  7    Str: 16    XL:     6   Next: 56%
Magic:  10/11      EV: 12    Int: 15    God:
Gold:   162        SH:  0    Dex: 11    Spells: 6/12 levels left

rFire    . . .     SeeInvis .     - Unarmed
rCold    . . .     Gourm    .   (no shield)
rNeg     . . .     Faith    .   (armour unavailable)
rPois    .         Spirit   .   (helmet restricted)
rElec    .         Reflect  .   m - +0 cloak
rCorr    .         Harm     .   (no gloves)
MR       .....                  (no boots)
Stlth    +.........             (no amulet)
HPRegen  0.16/turn              n - +3 ring of strength
MPRegen  0.12/turn              (no ring)

@: no status effects
A: unfitting armour, cold-blooded, AC +6
a: no special abilities


You were on level 5 of the Dungeon.
You were not hungry.

You visited 1 branch of the dungeon, and saw 5 of its levels.

You collected 162 gold pieces.

Inventory:

Missiles
 r - 11 javelins
 u - 20 poisoned darts (quivered)
 Q - 28 arrows
Armour
 m - a +0 cloak (worn)
Jewellery
 n - a +3 ring of strength (left hand)
 q - an uncursed amulet of faith {Faith, !P}
Wands
 g - a wand of flame (14)
Scrolls
 a - 3 scrolls of teleportation {unknown}
 b - a scroll of enchant armour {unknown}
 d - 2 scrolls of noise {unknown}
 i - 5 scrolls of identify
 j - a scroll of blinking {unknown}
 v - a scroll of random uselessness {unknown}
 w - 6 scrolls of remove curse
 x - a scroll of immolation {unknown}
Potions
 c - 3 potions of lignification {unknown}
 f - 4 potions of resistance {unknown}
 h - 3 potions of might {unknown}
 k - 2 potions of brilliance {unknown}
 l - 2 potions of berserk rage {unknown}
 p - 3 potions of curing {unknown}
 s - a potion of flight {unknown}
 t - a potion of heal wounds {unknown}
 z - a potion of haste {unknown}
Comestibles
 e - 5 rations
 o - 3 chunks of flesh


   Skills:
 + Level 2.6 Fighting
 + Level 2.7 Dodging
 + Level 3.9 Unarmed Combat
 * Level 3.8 Spellcasting
 * Level 4.0 Transmutations
 + Level 1.2 Poison Magic


You had 6 spell levels left.
You knew the following spells:

 Your Spells              Type           Power        Failure   Level  Hunger
a - Beastly Appendage     Tmut           ###...       3%          1    None
c - Spider Form           Tmut/Pois      ##........   19%         3    ###....
s - Sticks to Snakes      Tmut           ###.....     5%          2    ##.....

Your spell library contained the following spells:

 Spells                   Type           Power        Failure   Level  Hunger
 Ice Form                 Ice/Tmut       #.......     63%         4    ####...
 Blade Hands              Tmut           ###.......   67%         5    ######.


Dungeon Overview and Level Annotations

Branches:
Dungeon (5/15)
 Temple: D:4-7

Altars:
Gozag
Sif Muna
Uskayaw


Innate Abilities, Weirdness & Mutations

Your plain brown scales are hard. (AC +6)
You cannot fit into any form of body armour.
You are cold-blooded and may be slowed by cold attacks.


Message History

* * * LOW HITPOINT WARNING * * *
You see here 2 arrows.
You take 20 damage, and have 5/50 hp.
MASSIVE DAMAGE!!
The centaur shoots an arrow.
The arrow closely misses you.
Found a stone staircase leading up.
You see here an arrow.
A sky beast comes into view.
The centaur shoots an arrow.
The arrow hits your adder. The arrow burns your adder.
The centaur shoots an arrow.
The arrow hits your adder! The arrow burns your adder.
Your adder dies!
The centaur shoots an arrow.
The arrow hits you but does no damage.
There is a stone staircase leading up here.
You see here an arrow.
The centaur shoots an arrow.
The arrow hits you.
* * * LOW HITPOINT WARNING * * *
The arrow burns you.
You die...

#..##..# ###
#..##c.# ...
#...#..# ##.#
#.#...>#
.#.?.##..(#..###
.......%(........
.##.###..##..#####
.........Y...#
###.###@###.....
#.# ...##. #.# ..#
# #.# ..# #.# ..#
..# ..#


You could see a sky beast and a centaur.

Levels and vault maps discovered:
D:1:      kennysheep_arrival_seaside, layout_loops_ring, serial_rivers,
          chequers_serial_rivers_micro_a, chequers_serial_rivers_room_b,
          chequers_serial_rivers_room_a, chequers_serial_rivers_marsh,
          minmay_tetromino_o4
D:2:      layout_rooms, uniq_crazy_yiuf_cottage
D:3:      minmay_recursive_quarters, layout_basic, marbit_many_paths,
          minivault_19, kennysheep_generic_room_6
D:4:      layout_loops_cross, old_standard_altar, overflow_temple_1_default,
          lightli_temple_of_fire, corexii_item_surrounded_by_moat,
          minmay_quadrilaterals
D:5:      layout_loops_ring, overflow_temple_1_default, serial_shops, shop,
          first_ration

Notes
Turn   | Place    | Note
-------+----------+-------------------------------------------
     0 | D:1      | lepoulpe303 the Draconian Transmuter began the quest for
                  | the Orb.
     0 | D:1      | Reached XP level 1. HP: 16/16 MP: 3/3
   307 | D:1      | Reached XP level 2. HP: 17/23 MP: 5/5
   331 | D:1      | Identified a +0 dagger
   367 | D:1      | Identified a +0 whip
   552 | D:1      | Identified a +0 club
   566 | D:1      | Reached skill level 2 in Dodging
   750 | D:1      | Identified a +0 dagger
   750 | D:1      | Identified a +0 club
   890 | D:1      | Reached XP level 3. HP: 28/28 MP: 4/6
  1001 | D:1      | Learned a level 2 spell: Sticks to Snakes
  1005 | D:1      | Learned a level 3 spell: Spider Form
  1062 | D:2      | Identified a +0 short sword
  1160 | D:2      | Identified a +0 dagger
  1196 | D:2      | HP: 6/28 [worm (6)]
  1441 | D:2      | Identified a +0 dagger
  1449 | D:2      | Identified a +0 dagger
  1688 | D:2      | Found a runed translucent door.
  1689 | D:2      | Identified a +4 quarterstaff of chaos
  1689 | D:2      | Identified a +0 cloak
  1689 | D:2      | Noticed Crazy Yiuf
  1708 | D:2      | HP: 4/29 [Crazy Yiuf/+4 quarterstaff of chaos (9)]
  1708 | D:2      | HP: 1/29 [Crazy Yiuf/+4 quarterstaff of chaos (3)]
  1718 | D:2      | Killed Crazy Yiuf
  1718 | D:2      | Reached XP level 4. HP: 2/36 MP: 6/8
  2096 | D:3      | Identified a +0 club
  2113 | D:3      | Identified a +0 falchion
  2113 | D:3      | Identified a +0 falchion
  2113 | D:3      | Identified a +0 leather armour
  2115 | D:3      | Identified a +0 flail
  2115 | D:3      | Identified a +0 leather armour
  2159 | D:3      | Reached skill level 3 in Spellcasting
  2159 | D:3      | Reached skill level 3 in Transmutations
  2453 | D:3      | Identified a +0 mace
  2459 | D:3      | Reached skill level 2 in Fighting
  2476 | D:3      | Identified 4 scrolls of identify
  2476 | D:3      | Identified an amulet of faith (You found it on level 3 of
                  | the Dungeon)
  2477 | D:3      | Identified a ring of strength (You found it on level 2 of
                  | the Dungeon)
  2557 | D:3      | Reached XP level 5. HP: 34/41 MP: 7/9
  2578 | D:3      | Identified a +0 club
  2634 | D:3      | Identified 3 scrolls of remove curse
  2841 | D:3      | Found a hide-covered altar of Uskayaw.
  2973 | D:4      | Identified a +0 war axe
  2973 | D:4      | Identified a +0 leather armour
  3272 | D:4      | Found a shimmering blue altar of Sif Muna.
  3351 | D:4      | Identified a +0 giant club
  3351 | D:4      | Noticed an ogre
  3364 | D:4      | Killed an ogre
  3364 | D:4      | Reached skill level 1 in Poison Magic
  3364 | D:4      | Reached XP level 6. HP: 33/50 MP: 8/11
  3489 | D:4      | Identified a +0 spear
  3671 | D:4      | Identified a +0 war axe
  3672 | D:4      | Found an opulent altar of Gozag.
  3868 | D:4      | You fall into a shaft and drop 1 floor!
  3868 | D:5      | Entered Level 5 of the Dungeon
  3875 | D:5      | Reached skill level 4 in Transmutations
  3879 | D:5      | Identified a +5 shortbow of flaming
  3882 | D:5      | HP: 12/50 [centaur/arrow (13)]
  3882 | D:5      | HP: 5/50 [centaur/arrow (7)]
  3886 | D:5      | Noticed a sky beast
  3892 | D:5      | HP: 1/50 [centaur/arrow (5)]
  3892 | D:5      | Shot with an arrow by a centaur

Table legend:
 A = Turns spent in this place as a percentage of turns spent in the entire game.
 B = Non-inter-level travel turns spent in this place as a percentage of non-inter-level travel turns spent in the entire game.
 C = Inter-level travel turns spent in this place as a percentage of turns spent in this place.
 D = Turns resting spent in this place as a percentage of non-inter-level travel turns spent in this place.
 E = Turns spent auto-exploring this place as a percentage of non-inter-level travel turns spent in this place.
 F = Non-inter-level travel turns spent in this place divided by the number of levels of this place that you've seen.
                   A       B       C       D       E      F
               +-------+-------+-------+-------+-------+----------------------
         Total | 100.0 | 100.0 |   2.1 |  26.5 |  51.1 | 761.8
       Dungeon | 100.0 | 100.0 |   2.1 |  26.5 |  51.1 | 761.8
               +-------+-------+-------+-------+-------+----------------------

Table legend:
 A = Kills in this place as a percentage of kills in entire the game.
 B = Kills by you in this place as a percentage of kills by you in the entire game.
 C = Kills by friends in this place as a percentage of kills by friends in the entire game.
 D = Other kills in this place as a percentage of other kills in the entire game.
 E = Experience gained in this place as a percentage of experience gained in the entire game.
 F = Experience gained in this place divided by the number of levels of this place that you have seen.
                   A       B       C       D       E      F
               +-------+-------+-------+-------+-------+----------------------
         Total | 100.0 | 100.0 | 100.0 |   N/A | 100.0 | 115.8
       Dungeon | 100.0 | 100.0 | 100.0 |   N/A | 100.0 | 115.8
               +-------+-------+-------+-------+-------+----------------------

Skill      XL: |  1  2  3  4  5  6 |
---------------+-------------------+-----
Dodging        | 2 |  2.7
Spellcasting   | 3 |  3.8
Transmutations | 3 4 |  4.0
Fighting       | 2 |  2.6
Poison Magic   | 1 |  1.2
Unarmed Combat | |  3.9

Action                   |  1- 3 |  4- 6 || total
-------------------------+-------+-------++-------
Melee: Unarmed           |   147 |   155 ||   302
       Tailslap          |    13 |    20 ||    33
       Headbutt          |     3 |    14 ||    17
       Kick              |    13 |    12 ||    25
       Punch             |     1 |     2 ||     3
 Cast: Beastly Appendage |    16 |    24 ||    40
       Sticks to Snakes  |     2 |     5 ||     7
  Use: Scroll            |       |     3 ||     3
 Stab: Sleeping          |     1 |       ||     1
       Distracted        |     1 |       ||     1
  Eat: Chunk             |     3 |     7 ||    10
Armor: Skin              |    79 |    50 ||   129
Dodge: Dodged            |   132 |   116 ||   248

Vanquished Creatures
  A howler monkey (D:4)
  A hound (D:4)
  An orc priest (D:3)
  An iguana (D:4)
  2 worker ants
  A gnoll (D:4)
  5 adders
  4 oozes
  An adder skeleton (D:4)
  3 worms
  A dart slug (D:3)
  A leopard gecko (D:1)
  5 orcs
  16 bats
  3 giant cockroaches
  7 goblins
  6 hobgoblins
  4 jackals (D:1)
  9 kobolds
  A ball python (D:1)
  6 frilled lizards
  10 rats
89 creatures vanquished.

Vanquished Creatures (collateral kills)
  An ogre (D:4)
  Crazy Yiuf (D:2)
2 creatures vanquished.

Grand Total: 91 creatures vanquished
